Devils vs Penguins

Created - November 9 2007 at 17:54

Goals
1 2 3 T
Devils 0 1 0 1
Penguins 1 0 2 3
Shots
1 2 3 T
Devils 9 5 4 18
Penguins 4 14 12 30

Period #1

1. Penguins , Taylor Pyatt 5 (Christian Backman, Jere Lehtinen) at 16:25

Penalities :
Josef Melichar (PIT) for Elbowing (Minor) at 12:05, Glen Wesley (PIT) for Roughing (Minor) at 19:18

Period #2

2. Devils , Zach Parise 4 (Miroslav Satan) at 3:01 (SH)

Penalities :
Colin White (NJD) for Slashing (Minor) at 2:08, Colin White (NJD) for High sticking (Minor) at 11:38, Mark Bell (PIT) for Tripping (Minor) at 16:25

Period #3

3. Penguins , Evgeni Malkin 6 (Marian Hossa, Sidney Crosby) at 6:56
4. Penguins , Jere Lehtinen 8 (Christian Backman, Jarkko Ruutu) at 17:44

Penalities :
Martin Lapointe (PIT) for Tripping (Minor) at 0:31, John Madden (NJD) for Tripping (Minor) at 4:19, Taylor Pyatt (PIT) for Boarding (Minor) at 7:52, Jere Lehtinen (PIT) for Slashing (Minor) at 11:09

Goalie Stats

Martin Brodeur (NJD), 27 saves from 30 shots - (0.900), L, 11-8-1, 60:00 minutes
Marc-Andre Fleury (PIT), 17 saves from 18 shots - (0.944), W, 7-12-0, 60:00 minutes

Players Stats

Devils
Player Name              G  A  P  +/- PIM S  H  SB FO MP 
-----------------------------------------------------------
Brad Lukowich            0  0  0   0  0   0  2  2  0  24 
Brendan Witt             0  0  0  -2  0   1  1  2  0  23 
Brian Gionta             0  0  0   0  0   0  3  0  0  14 
Brian Rafalski           0  0  0   1  0   0  1  0  0  19 
Chris Chelios            0  0  0  -2  0   0  0  0  0  19 
Colin White              0  0  0  -1  4   0  1  3  0  16 
Jamie Langenbrunner      0  0  0   0  0   6  0  0  1  19 
John Madden              0  0  0   0  2   0  0  0  0  7  
Juraj Kolnik             0  0  0  -1  0   0  0  0  0  8  
Michael Nylander         0  0  0   0  0   3  3  0  25 23 
Mike Comrie              0  0  0   0  0   1  1  0  12 14 
Mike Ribeiro             0  0  0   0  0   2  0  0  0  19 
Miroslav Satan           0  1  1  -2  0   1  1  0  1  22 
Patrik Elias             0  0  0  -2  0   1  4  0  1  22 
Paul Martin              0  0  0   0  0   0  0  1  0  24 
Scott Gomez              0  0  0  -3  0   0  2  0  12 13 
Travis Zajac             0  0  0   0  0   1  0  0  3  6  
Zach Parise              1  0  1   1  0   2  1  0  19 20 
Penguins
Player Name              G  A  P  +/- PIM S  H  SB FO MP 
-----------------------------------------------------------
Brooks Orpik             0  0  0   1  0   1  2  1  0  15 
Christian Backman        0  2  2   2  0   4  0  0  0  22 
Dallas Drake             0  0  0   0  0   0  0  0  0  4  
Dominic Moore            0  0  0   0  0   2  1  0  2  11 
Evgeni Malkin            1  0  1   0  0   5  0  0  12 18 
Glen Wesley              0  0  0   1  2   1  3  1  0  18 
Jarkko Ruutu             0  1  1   2  0   1  0  0  0  17 
Jere Lehtinen            1  1  2   2  2   2  3  0  17 20 
Josef Melichar           0  0  0   2  2   0  1  1  0  23 
Kris Draper              0  0  0   0  0   3  3  1  12 17 
Marian Hossa             0  1  1   0  0   2  4  1  1  18 
Mark Bell                0  0  0   0  2   0  1  0  1  18 
Mark Parrish             0  0  0   0  0   0  0  0  2  10 
Martin Lapointe          0  0  0   0  2   4  1  0  4  13 
Noah Welch               0  0  0  -1  0   0  1  0  0  19 
Scott Hannan             0  0  0  -1  0   0  1  1  0  22 
Sidney Crosby            0  1  1   0  0   3  4  0  21 20 
Taylor Pyatt             1  0  1   2  2   2  4  0  2  20 

3 Stars

1 - Jere Lehtinen (PIT)
2 - Taylor Pyatt (PIT)
3 - Marc-Andre Fleury (PIT)

Power Play

Devils - 0 on 6 Attempt(s) - 0.00%
Penguins - 0 on 3 Attempt(s) - 0.00%

Penalty Kill

Devils - 3 on 3 Attempt(s) - 100.00% - Score 1 goal in Penalty Kill
Penguins - 6 on 6 Attempt(s) - 100.00% - Score 0 goal in Penalty Kill

Game Notes

No Game Note

Finance

Level 1 -- Attendance: 3713 (70.06%) -- Ticket Income $345,309.00
Level 2 -- Attendance: 4017 (79.98%) -- Ticket Income $220,935.00
Level 3 -- Attendance: 1806 (90.30%) -- Ticket Income $59,598.00
Level 4 -- Attendance: 3133 (78.33%) -- Ticket Income $53,261.00
Luxury Box -- Attendance: 797 (79.69%) -- Ticket Income $147,445.00
Game was played at the Mellon Arena
Total Attendance: 13466 (77.73%)
Total Ticket Income: $854,326.10
Other Income: $158,975.40
Total Income: $1,013,301.00


Play by Play

Period #1

0:01 of 1st period - Scott Gomez wins face-off versus Evgeni Malkin in neutral zone.
0:29 of 1st period - Sidney Crosby is hit by Brendan Witt and loses puck.
1:05 of 1st period - Icing by Josef Melichar.
1:06 of 1st period - Zach Parise wins face-off versus Jere Lehtinen in Penguins zone.
1:08 of 1st period - Michael Nylander is hit by Jere Lehtinen and loses puck.
1:21 of 1st period - Shot by Jere Lehtinen.
1:21 of 1st period - Shot Misses the Net.
1:26 of 1st period - Icing by Brad Lukowich.
1:27 of 1st period - Zach Parise wins face-off versus Dominic Moore in Devils zone.
1:58 of 1st period - Glen Wesley is hit by Michael Nylander and loses puck.
2:37 of 1st period - Shot by Jere Lehtinen.
2:37 of 1st period - Shot Blocked by Colin White.
2:39 of 1st period - Shot by Christian Backman.
2:39 of 1st period - Stopped by Martin Brodeur with a rebound.
3:37 of 1st period - Off-side.
3:38 of 1st period - Evgeni Malkin wins face-off versus Michael Nylander in neutral zone.
4:31 of 1st period - Shot by Jere Lehtinen.
4:31 of 1st period - Shot Blocked by Brad Lukowich.
4:50 of 1st period - Jere Lehtinen is hit by Patrik Elias and loses puck.
5:16 of 1st period - Patrik Elias is hit by Martin Lapointe and loses puck.
5:31 of 1st period - Shot by Martin Lapointe.
5:31 of 1st period - Stopped by Martin Brodeur without a rebound.
5:32 of 1st period - Mark Parrish wins face-off versus Mike Comrie in Devils zone.
6:36 of 1st period - Shot by Sidney Crosby.
6:36 of 1st period - Shot Misses the Net.
7:49 of 1st period - Taylor Pyatt is hit by Brian Gionta and loses puck.
8:21 of 1st period - Mark Parrish is hit by Scott Gomez and loses puck.
9:01 of 1st period - Off-side.
9:02 of 1st period - Evgeni Malkin wins face-off versus Mike Comrie in neutral zone.
9:07 of 1st period - Colin White is hit by Marian Hossa and loses puck.
9:18 of 1st period - Shot by Jamie Langenbrunner.
9:18 of 1st period - Stopped by Marc-Andre Fleury without a rebound.
9:19 of 1st period - Travis Zajac wins face-off versus Evgeni Malkin in Penguins zone.
9:27 of 1st period - Off-side.
9:28 of 1st period - Mike Comrie wins face-off versus Kris Draper in neutral zone.
9:37 of 1st period - Shot by Jamie Langenbrunner.
9:37 of 1st period - Stopped by Marc-Andre Fleury with a rebound.
9:39 of 1st period - Shot by Jamie Langenbrunner.
9:39 of 1st period - Shot Misses the Net.
9:41 of 1st period - Shot by Mike Ribeiro.
9:41 of 1st period - Shot Misses the Net.
9:47 of 1st period - Shot by Mike Comrie.
9:47 of 1st period - Stopped by Marc-Andre Fleury without a rebound.
9:48 of 1st period - Jere Lehtinen wins face-off versus Michael Nylander in Penguins zone.
10:37 of 1st period - Brendan Witt is hit by Sidney Crosby and loses puck.
11:43 of 1st period - Shot by Mike Ribeiro.
11:43 of 1st period - Stopped by Marc-Andre Fleury with a rebound.
11:47 of 1st period - Shot by Jamie Langenbrunner.
11:47 of 1st period - Stopped by Marc-Andre Fleury without a rebound.
11:48 of 1st period - Michael Nylander wins face-off versus Jere Lehtinen in Penguins zone.
12:05 of 1st period - Minor Penalty to Josef Melichar for Elbowing.
12:06 of 1st period - Sidney Crosby wins face-off versus Michael Nylander in Penguins zone.
13:29 of 1st period - Off-side.
13:30 of 1st period - Michael Nylander wins face-off versus Jere Lehtinen in neutral zone.
14:49 of 1st period - Off-side.
14:50 of 1st period - Mike Comrie wins face-off versus Kris Draper in neutral zone.
15:50 of 1st period - Shot by Miroslav Satan.
15:50 of 1st period - Stopped by Marc-Andre Fleury without a rebound.
15:51 of 1st period - Michael Nylander wins face-off versus Jere Lehtinen in Penguins zone.
16:11 of 1st period - Icing by Christian Backman.
16:12 of 1st period - Jere Lehtinen wins face-off versus Scott Gomez in Penguins zone.
16:25 of 1st period - Shot by Taylor Pyatt.
16:25 of 1st period - Goal by Taylor Pyatt - Devils : 0 - Penguins : 1.
16:26 of 1st period - Michael Nylander wins face-off versus Evgeni Malkin in neutral zone.
16:26 of 1st period - Zach Parise is hit by Sidney Crosby and loses puck.
16:39 of 1st period - Shot by Sidney Crosby.
16:39 of 1st period - Shot Misses the Net.
16:41 of 1st period - Shot by Sidney Crosby.
16:41 of 1st period - Deflect By Evgeni Malkin.
16:41 of 1st period - Stopped by Martin Brodeur without a rebound.
16:42 of 1st period - Mike Comrie wins face-off versus Sidney Crosby in Devils zone.
17:16 of 1st period - Shot by Jamie Langenbrunner.
17:16 of 1st period - Stopped by Marc-Andre Fleury without a rebound.
17:17 of 1st period - Jere Lehtinen wins face-off versus Scott Gomez in Penguins zone.
17:50 of 1st period - Shot by Patrik Elias.
17:50 of 1st period - Stopped by Marc-Andre Fleury without a rebound.
17:51 of 1st period - Kris Draper wins face-off versus Michael Nylander in Penguins zone.
17:51 of 1st period - Kris Draper is hit by Michael Nylander.
18:12 of 1st period - Kris Draper is hit by Brian Gionta and loses puck.
18:41 of 1st period - Brian Rafalski is hit by Mark Bell and loses puck.
19:06 of 1st period - Shot by Jamie Langenbrunner.
19:06 of 1st period - Shot Blocked by Josef Melichar.
19:10 of 1st period - Shot by Mike Ribeiro.
19:10 of 1st period - Stopped by Marc-Andre Fleury without a rebound.
19:11 of 1st period - Scott Gomez wins face-off versus Mark Parrish in Penguins zone.
19:17 of 1st period - Patrik Elias is hit by Dominic Moore and loses puck.
19:18 of 1st period - Minor Penalty to Glen Wesley for Roughing.
19:19 of 1st period - Sidney Crosby wins face-off versus Michael Nylander in Penguins zone.
19:25 of 1st period - Icing by Miroslav Satan.
19:26 of 1st period - Sidney Crosby wins face-off versus Michael Nylander in Devils zone.

Period #2

0:01 of 2nd period - Sidney Crosby wins face-off versus Michael Nylander in neutral zone.
1:33 of 2nd period - Shot by John Madden.
1:33 of 2nd period - Shot Blocked by Brooks Orpik.
2:05 of 2nd period - Icing by Noah Welch.
2:06 of 2nd period - Kris Draper wins face-off versus Mike Comrie in Penguins zone.
2:08 of 2nd period - Minor Penalty to Colin White for Slashing.
2:09 of 2nd period - Martin Lapointe wins face-off versus Michael Nylander in neutral zone.
3:01 of 2nd period - Shot by Zach Parise.
3:01 of 2nd period - Goal by Zach Parise - Devils : 1 - Penguins : 1.
3:02 of 2nd period - Zach Parise wins face-off versus Sidney Crosby in neutral zone.
3:02 of 2nd period - Miroslav Satan is hit by Marian Hossa and loses puck.
3:28 of 2nd period - Sidney Crosby is hit by Brian Rafalski and loses puck.
3:31 of 2nd period - Shot by Evgeni Malkin.
3:31 of 2nd period - Stopped by Martin Brodeur without a rebound.
3:32 of 2nd period - Kris Draper wins face-off versus Zach Parise in Devils zone.
3:47 of 2nd period - Shot by Taylor Pyatt.
3:47 of 2nd period - Shot Misses the Net.
3:51 of 2nd period - Shot by Kris Draper.
3:51 of 2nd period - Stopped by Martin Brodeur with a rebound.
3:55 of 2nd period - Shot by Kris Draper.
3:55 of 2nd period - Stopped by Martin Brodeur without a rebound.
3:56 of 2nd period - Michael Nylander wins face-off versus Sidney Crosby in Devils zone.
4:04 of 2nd period - Icing by Evgeni Malkin.
4:05 of 2nd period - Sidney Crosby wins face-off versus Michael Nylander in Penguins zone.
4:48 of 2nd period - Off-side.
4:49 of 2nd period - Jere Lehtinen wins face-off versus Travis Zajac in neutral zone.
4:59 of 2nd period - Taylor Pyatt is hit by Brad Lukowich and loses puck.
5:10 of 2nd period - Shot by Jere Lehtinen.
5:10 of 2nd period - Shot Misses the Net.
5:14 of 2nd period - Shot by Christian Backman.
5:14 of 2nd period - Stopped by Martin Brodeur without a rebound.
5:15 of 2nd period - Scott Gomez wins face-off versus Kris Draper in Devils zone.
5:46 of 2nd period - Shot by Miroslav Satan.
5:46 of 2nd period - Shot Blocked by Kris Draper.
5:48 of 2nd period - Shot by Brendan Witt.
5:48 of 2nd period - Stopped by Marc-Andre Fleury without a rebound.
5:49 of 2nd period - Taylor Pyatt wins face-off versus Zach Parise in Penguins zone.
5:54 of 2nd period - Zach Parise is hit by Jere Lehtinen and loses puck.
6:02 of 2nd period - Brian Rafalski is hit by Taylor Pyatt and loses puck.
6:19 of 2nd period - Shot by Michael Nylander.
6:19 of 2nd period - Stopped by Marc-Andre Fleury with a rebound.
6:38 of 2nd period - Off-side.
6:39 of 2nd period - Evgeni Malkin wins face-off versus Mike Comrie in neutral zone.
8:18 of 2nd period - Shot by Taylor Pyatt.
8:18 of 2nd period - Shot Blocked by Brendan Witt.
8:30 of 2nd period - Icing by Chris Chelios.
8:31 of 2nd period - Kris Draper wins face-off versus Scott Gomez in Devils zone.
8:44 of 2nd period - Shot by Martin Lapointe.
8:44 of 2nd period - Stopped by Martin Brodeur without a rebound.
8:45 of 2nd period - Michael Nylander wins face-off versus Jere Lehtinen in Devils zone.
9:42 of 2nd period - Shot by Martin Lapointe.
9:42 of 2nd period - Shot Misses the Net.
9:46 of 2nd period - Shot by Kris Draper.
9:46 of 2nd period - Shot Misses the Net.
9:48 of 2nd period - Shot by Kris Draper.
9:48 of 2nd period - Shot Blocked by Brad Lukowich.
9:50 of 2nd period - Shot by Brooks Orpik.
9:50 of 2nd period - Stopped by Martin Brodeur without a rebound.
9:51 of 2nd period - Sidney Crosby wins face-off versus Jamie Langenbrunner in Devils zone.
10:09 of 2nd period - Shot by Mike Ribeiro.
10:09 of 2nd period - Shot Blocked by Glen Wesley.
10:11 of 2nd period - Shot by Paul Martin.
10:11 of 2nd period - Shot Misses the Net.
10:13 of 2nd period - Shot by Jamie Langenbrunner.
10:13 of 2nd period - Stopped by Marc-Andre Fleury without a rebound.
10:14 of 2nd period - Jere Lehtinen wins face-off versus Scott Gomez in Penguins zone.
10:14 of 2nd period - Jere Lehtinen is hit by Patrik Elias.
10:19 of 2nd period - Jere Lehtinen is hit by Patrik Elias and loses puck.
10:27 of 2nd period - Josef Melichar is hit by Patrik Elias and loses puck.
10:56 of 2nd period - Shot by Miroslav Satan.
10:56 of 2nd period - Deflect By Patrik Elias.
10:56 of 2nd period - Shot Misses the Net.
11:01 of 2nd period - Jere Lehtinen is hit by Miroslav Satan and loses puck.
11:38 of 2nd period - Minor Penalty to Colin White for High sticking.
11:39 of 2nd period - Zach Parise wins face-off versus Sidney Crosby in Devils zone.
11:45 of 2nd period - Icing by Marian Hossa.
11:46 of 2nd period - Zach Parise wins face-off versus Marian Hossa in Penguins zone.
11:59 of 2nd period - Shot by Marian Hossa.
11:59 of 2nd period - Stopped by Martin Brodeur without a rebound.
12:00 of 2nd period - Zach Parise wins face-off versus Sidney Crosby in Devils zone.
12:27 of 2nd period - Shot by Sidney Crosby.
12:27 of 2nd period - Stopped by Martin Brodeur without a rebound.
12:28 of 2nd period - Michael Nylander wins face-off versus Martin Lapointe in Devils zone.
12:47 of 2nd period - Shot by Christian Backman.
12:47 of 2nd period - Stopped by Martin Brodeur with a rebound.
12:49 of 2nd period - Shot by Taylor Pyatt.
12:49 of 2nd period - Shot Misses the Net.
12:55 of 2nd period - Shot by Taylor Pyatt.
12:55 of 2nd period - Shot Hit the Post.
12:57 of 2nd period - Shot by Christian Backman.
12:57 of 2nd period - Stopped by Martin Brodeur without a rebound.
12:58 of 2nd period - Sidney Crosby wins face-off versus Zach Parise in Devils zone.
12:59 of 2nd period - Shot by Evgeni Malkin.
12:59 of 2nd period - Stopped by Martin Brodeur without a rebound.
13:00 of 2nd period - Sidney Crosby wins face-off versus Zach Parise in Devils zone.
13:09 of 2nd period - Shot by Sidney Crosby.
13:09 of 2nd period - Shot Blocked by Paul Martin.
13:11 of 2nd period - Shot by Scott Hannan.
13:11 of 2nd period - Shot Misses the Net.
13:15 of 2nd period - Shot by Sidney Crosby.
13:15 of 2nd period - Stopped by Martin Brodeur without a rebound.
13:16 of 2nd period - Martin Lapointe wins face-off versus Patrik Elias in Devils zone.
14:46 of 2nd period - Shot by Martin Lapointe.
14:46 of 2nd period - Stopped by Martin Brodeur with a rebound.
14:48 of 2nd period - Shot by Martin Lapointe.
14:48 of 2nd period - Shot Blocked by Colin White.
15:22 of 2nd period - Shot by Jere Lehtinen.
15:22 of 2nd period - Shot Blocked by Colin White.
15:24 of 2nd period - Shot by Christian Backman.
15:24 of 2nd period - Shot Misses the Net.
15:26 of 2nd period - Shot by Jarkko Ruutu.
15:26 of 2nd period - Stopped by Martin Brodeur without a rebound.
15:27 of 2nd period - Jere Lehtinen wins face-off versus Miroslav Satan in Devils zone.
15:36 of 2nd period - Christian Backman is hit by Scott Gomez and loses puck.
15:47 of 2nd period - Chris Chelios is hit by Taylor Pyatt and loses puck.
16:25 of 2nd period - Minor Penalty to Mark Bell for Tripping.
16:26 of 2nd period - Zach Parise wins face-off versus Sidney Crosby in neutral zone.
16:54 of 2nd period - Icing by Paul Martin.
16:55 of 2nd period - Sidney Crosby wins face-off versus Zach Parise in Devils zone.
18:02 of 2nd period - Shot by Zach Parise.
18:02 of 2nd period - Stopped by Marc-Andre Fleury with a rebound.
18:38 of 2nd period - Shot by Martin Lapointe.
18:38 of 2nd period - Shot Misses the Net.
19:21 of 2nd period - Brendan Witt is hit by Glen Wesley and loses puck.

Period #3

0:01 of 3rd period - Mike Comrie wins face-off versus Kris Draper in neutral zone.
0:21 of 3rd period - Mark Bell is hit by Mike Comrie and loses puck.
0:31 of 3rd period - Minor Penalty to Martin Lapointe for Tripping.
0:32 of 3rd period - Michael Nylander wins face-off versus Evgeni Malkin in Penguins zone.
0:33 of 3rd period - Shot by Miroslav Satan.
0:33 of 3rd period - Deflect By Michael Nylander.
0:33 of 3rd period - Stopped by Marc-Andre Fleury without a rebound.
0:34 of 3rd period - Sidney Crosby wins face-off versus Michael Nylander in Penguins zone.
0:48 of 3rd period - Michael Nylander is hit by Marian Hossa and loses puck.
1:08 of 3rd period - Michael Nylander is hit by Glen Wesley and loses puck.
1:16 of 3rd period - Patrik Elias is hit by Sidney Crosby and loses puck.
1:36 of 3rd period - Off-side.
1:37 of 3rd period - Zach Parise wins face-off versus Jere Lehtinen in neutral zone.
2:35 of 3rd period - Patrik Elias is hit by Glen Wesley and loses puck.
2:47 of 3rd period - Icing by Chris Chelios.
2:48 of 3rd period - Scott Gomez wins face-off versus Jere Lehtinen in Devils zone.
2:50 of 3rd period - Miroslav Satan is hit by Taylor Pyatt and loses puck.
3:14 of 3rd period - Icing by Brendan Witt.
3:15 of 3rd period - Sidney Crosby wins face-off versus Scott Gomez in Devils zone.
3:48 of 3rd period - Shot by Michael Nylander.
3:48 of 3rd period - Shot Misses the Net.
3:51 of 3rd period - Brian Gionta is hit by Taylor Pyatt and loses puck.
4:03 of 3rd period - Juraj Kolnik is hit by Sidney Crosby and loses puck.
4:19 of 3rd period - Minor Penalty to John Madden for Tripping.
4:20 of 3rd period - Kris Draper wins face-off versus Zach Parise in neutral zone.
4:20 of 3rd period - Kris Draper is hit by Zach Parise.
4:48 of 3rd period - Shot by Evgeni Malkin.
4:48 of 3rd period - Stopped by Martin Brodeur without a rebound.
4:49 of 3rd period - Kris Draper wins face-off versus Zach Parise in Devils zone.
5:08 of 3rd period - Shot by Michael Nylander.
5:08 of 3rd period - Shot Blocked by Scott Hannan.
5:43 of 3rd period - Icing by Dominic Moore.
5:44 of 3rd period - Dominic Moore wins face-off versus Zach Parise in Penguins zone.
6:03 of 3rd period - Shot by Martin Lapointe.
6:03 of 3rd period - Stopped by Martin Brodeur with a rebound.
6:05 of 3rd period - Shot by Glen Wesley.
6:05 of 3rd period - Stopped by Martin Brodeur without a rebound.
6:06 of 3rd period - Martin Lapointe wins face-off versus Michael Nylander in Devils zone.
6:28 of 3rd period - Icing by Chris Chelios.
6:29 of 3rd period - Evgeni Malkin wins face-off versus Scott Gomez in Devils zone.
6:31 of 3rd period - Sidney Crosby is hit by Colin White and loses puck.
6:36 of 3rd period - Shot by Sidney Crosby.
6:36 of 3rd period - Stopped by Martin Brodeur with a rebound.
6:38 of 3rd period - Shot by Glen Wesley.
6:38 of 3rd period - Shot Misses the Net.
6:54 of 3rd period - Shot by Evgeni Malkin.
6:54 of 3rd period - Deflect By Marian Hossa.
6:54 of 3rd period - Stopped by Martin Brodeur with a rebound.
6:56 of 3rd period - Shot by Evgeni Malkin.
6:56 of 3rd period - Goal by Evgeni Malkin - Devils : 1 - Penguins : 2.
6:57 of 3rd period - Jere Lehtinen wins face-off versus Michael Nylander in neutral zone.
6:57 of 3rd period - Jere Lehtinen is hit by Brian Gionta.
7:00 of 3rd period - Jarkko Ruutu is hit by Brad Lukowich and loses puck.
7:26 of 3rd period - Jere Lehtinen is hit by Michael Nylander and loses puck.
7:36 of 3rd period - Michael Nylander is hit by Josef Melichar and loses puck.
7:52 of 3rd period - Minor Penalty to Taylor Pyatt for Boarding.
7:53 of 3rd period - Sidney Crosby wins face-off versus Michael Nylander in Penguins zone.
8:23 of 3rd period - Icing by Brendan Witt.
8:24 of 3rd period - Michael Nylander wins face-off versus Sidney Crosby in Devils zone.
10:06 of 3rd period - Travis Zajac is hit by Brooks Orpik and loses puck.
10:26 of 3rd period - John Madden is hit by Kris Draper and loses puck.
10:39 of 3rd period - Paul Martin is hit by Kris Draper and loses puck.
10:52 of 3rd period - Shot by Mike Comrie.
10:52 of 3rd period - Shot Misses the Net.
11:08 of 3rd period - Jamie Langenbrunner is hit by Jere Lehtinen and loses puck.
11:09 of 3rd period - Minor Penalty to Jere Lehtinen for Slashing.
11:10 of 3rd period - Michael Nylander wins face-off versus Sidney Crosby in neutral zone.
11:45 of 3rd period - Shot by Patrik Elias.
11:45 of 3rd period - Shot Blocked by Marian Hossa.
11:49 of 3rd period - Shot by Michael Nylander.
11:49 of 3rd period - Stopped by Marc-Andre Fleury without a rebound.
11:50 of 3rd period - Zach Parise wins face-off versus Taylor Pyatt in Penguins zone.
12:29 of 3rd period - Shot by Jamie Langenbrunner.
12:29 of 3rd period - Stopped by Marc-Andre Fleury without a rebound.
12:30 of 3rd period - Sidney Crosby wins face-off versus Michael Nylander in Penguins zone.
12:58 of 3rd period - Miroslav Satan is hit by Marian Hossa and loses puck.
13:12 of 3rd period - Icing by John Madden.
13:13 of 3rd period - Travis Zajac wins face-off versus Kris Draper in Devils zone.
13:19 of 3rd period - Brad Lukowich is hit by Noah Welch and loses puck.
13:34 of 3rd period - Juraj Kolnik is hit by Brooks Orpik and loses puck.
13:47 of 3rd period - Shot by Travis Zajac.
13:47 of 3rd period - Stopped by Marc-Andre Fleury without a rebound.
13:48 of 3rd period - Mike Comrie wins face-off versus Jere Lehtinen in Penguins zone.
14:47 of 3rd period - Shot by Dominic Moore.
14:47 of 3rd period - Stopped by Martin Brodeur without a rebound.
14:48 of 3rd period - Evgeni Malkin wins face-off versus Scott Gomez in Devils zone.
15:01 of 3rd period - Shot by Sidney Crosby.
15:01 of 3rd period - Shot Blocked by Brendan Witt.
15:26 of 3rd period - Icing by Scott Hannan.
15:27 of 3rd period - Zach Parise wins face-off versus Evgeni Malkin in Penguins zone.
15:39 of 3rd period - Icing by Marian Hossa.
15:40 of 3rd period - Evgeni Malkin wins face-off versus Mike Comrie in Penguins zone.
15:52 of 3rd period - Icing by Mike Ribeiro.
15:53 of 3rd period - Mike Comrie wins face-off versus Jere Lehtinen in Devils zone.
16:32 of 3rd period - Shot by Jere Lehtinen.
16:32 of 3rd period - Stopped by Martin Brodeur without a rebound.
16:33 of 3rd period - Mark Bell wins face-off versus Zach Parise in Devils zone.
16:49 of 3rd period - Brian Gionta is hit by Scott Hannan and loses puck.
17:12 of 3rd period - Shot by Dominic Moore.
17:12 of 3rd period - Stopped by Martin Brodeur with a rebound.
17:26 of 3rd period - Shot by Kris Draper.
17:26 of 3rd period - Stopped by Martin Brodeur without a rebound.
17:27 of 3rd period - Scott Gomez wins face-off versus Jere Lehtinen in Devils zone.
17:40 of 3rd period - Shot by Jere Lehtinen.
17:40 of 3rd period - Shot Misses the Net.
17:44 of 3rd period - Shot by Jere Lehtinen.
17:44 of 3rd period - Goal by Jere Lehtinen - Devils : 1 - Penguins : 3.
17:45 of 3rd period - Kris Draper wins face-off versus Mike Comrie in neutral zone.
17:59 of 3rd period - Mike Ribeiro is hit by Kris Draper and loses puck.
18:15 of 3rd period - Shot by Mike Comrie.
18:15 of 3rd period - Shot Misses the Net.
19:18 of 3rd period - Shot by Taylor Pyatt.
19:18 of 3rd period - Stopped by Martin Brodeur without a rebound.
19:19 of 3rd period - Evgeni Malkin wins face-off versus Michael Nylander in Devils zone.


Output by the SimonT Hockey Simulator (STHS) for Stephane Roy -- Original Page W3C XHTML 1.0 Valid